 Dungeon Sprint DCSS version 0.17.0-56-gd8de76c (webtiles) character file.

25073 Niddhoggr the Warrior (level 12, -4/134 HPs)
             Began as a Minotaur Berserker on Dec 6, 2015.
             Was a Priest of Trog.
             Killed from afar by a balrug (14 damage)
             ... with a bolt of fire
             ... in the Dungeon (Sprint V: "Ziggurat Sprint").
             The game lasted 00:18:25 (1978 turns).

Niddhoggr the Warrior (Minotaur Berserker)          Turns: 1978, Time: 00:18:25

Health: -4/134     AC: 26    Str: 30    XL:     12   Next: 86%
Magic:  18/18      EV: 15    Int:  8    God:    Trog [***...]
Gold:   0          SH: 34    Dex: 20    Spells: 0 memorised, 11 levels left

rFire  . . .     SeeInvis +     O - +10 mace of Relativism {drain, rC- Int+7 Dex+2}
rCold  x . .     Clarity  .     M - +9 plate armour of the Loofah {rElec rF+ rN+}
rNeg   + + .     SustAt   .     z - +18 shield of the gong {rElec rN+ MR+ EV-5}
rPois  +         Gourm    .     (helmet restricted)
rElec  +         Spirit   .     (no cloak)
rCorr  .         Warding  .     (no gloves)
rMut   +         NoTele   +     (no boots)
MR     ++++.                    P - amulet "Woudamic" {rMut rElec MP+9 Str+2}
Stlth  ..........               R - ring of Buh Eczoisue {+Fly rPois rF- MR+ Dex-4}
                                Q - ring of Immorality {rPois Str+3 Int-3 Dex+10 Stlth+}

@: exhausted, very slightly contaminated, regenerating, slowed, very slow,
incredibly resistant to hostile enchantments, extremely unstealthy
A: retaliatory headbutt, horns 2, see invisible, low mp 1, screaming 1, subdued
magic 1
a: Berserk, Trog's Hand, Burn Spellbooks, Renounce Religion, Evoke Flight


You were in the Dungeon.
You worshipped Trog.
Trog was most pleased with you.
You were not hungry.

You visited 1 branch

Inventory:

Hand Weapons
 a - a +0 hand axe
 y - a +5 demon whip
 N - a +6 antimagic morningstar
 O - the +10 mace of Relativism (weapon) {drain, rC- Int+7 Dex+2}
   (Trog gifted it to you in the Dungeon)

   A truly terrible weapon, it drains the life of those it strikes.
   It affects your intelligence (+7).
   It affects your dexterity (+2).
   It makes you vulnerable to cold.
Armour
 b - a +0 animal skin
 x - a +5 crystal plate armour
 z - the +18 shield of the gong (worn) {rElec rN+ MR+ EV-5}
   (You found it in the Dungeon)

   It affects your evasion (-5).
   It insulates you from electricity.
   It protects you from negative energy.
   It affects your resistance to hostile enchantments.
 M - the +9 plate armour of the Loofah (worn) {rElec rF+ rN+}
   (You found it in the Dungeon)

   It protects you from fire.
   It insulates you from electricity.
   It protects you from negative energy.
Jewellery
 A - a +6 ring of dexterity
 B - a +6 ring of dexterity
 C - a +6 ring of intelligence
 D - a +6 ring of intelligence
 E - a +6 ring of strength
 F - a +6 ring of strength
 K - an uncursed ring of positive energy
 L - the amulet of the Marlin {Stasis rPois Int+4 Dex+2 Slay+2}
   (You found it in the Dungeon)

   [amulet of stasis]

   It prevents you from being teleported, slowed, hasted or paralysed.
   It affects your intelligence (+4).
   It affects your dexterity (+2).
   It affects your accuracy and damage with ranged weapons and melee attacks
   (+2).
   It protects you from poison.
 P - the amulet "Woudamic" (around neck) {rMut rElec MP+9 Str+2}
   (You found it in the Dungeon)

   [amulet of resist mutation]

   It protects you from mutation.
   It affects your strength (+2).
   It insulates you from electricity.
   It affects your magic capacity (+9).
 Q - the ring of Immorality (left hand) {rPois Str+3 Int-3 Dex+10 Stlth+}
   (You found it in the Dungeon)

   [ring of stealth]

   It affects your strength (+3).
   It affects your intelligence (-3).
   It affects your dexterity (+10).
   It protects you from poison.
   It makes you more stealthy.
 R - the ring of Buh Eczoisue (right hand) {+Fly rPois rF- MR+ Dex-4}
   (You found it in the Dungeon)

   [ring of protection from magic]

   It affects your dexterity (-4).
   It makes you vulnerable to fire.
   It protects you from poison.
   It affects your resistance to hostile enchantments.
   It lets you fly.
Wands
 G - a wand of disintegration (7)
 H - a wand of fire (5)
 I - a wand of cold (5)
 J - a wand of draining (5)
Scrolls
 i - 4 scrolls of blinking
 l - 3 scrolls of recharging
 m - 7 scrolls of fog
 n - a scroll of holy word
 o - 5 scrolls of identify
 p - 5 scrolls of remove curse
 q - 2 scrolls of fear
Potions
 d - 9 potions of curing
 e - 3 potions of heal wounds
 f - 4 potions of haste
 g - 7 potions of magic
 h - 3 potions of berserk rage
 r - 2 potions of brilliance
 s - 2 potions of invisibility
 t - 2 potions of resistance
 u - a potion of experience
 v - 3 potions of agility
 w - 4 potions of might
Comestibles
 j - 42 fruits
 k - 3 meat rations


   Skills:
 + Level 20.4 Fighting
 - Level 3.6(11.7) Axes
 + Level 16.5(16.6) Maces & Flails
 + Level 16.5 Armour
 + Level 15.4 Dodging
 + Level 16.8 Shields


You had 11 spell levels left.
You didn't know any spells.

Dungeon Overview and Level Annotations

Branches:
Dungeon (1/1)

Altars:
Ashenzari
Cheibriados
Dithmenos
Elyvilon
Fedhas
Gozag
Kikubaaqudgha
Makhleb
Nemelex Xobeh
Okawaru
Qazlal
Ru
Sif Muna
Trog
Vehumet
Xom
Yredelemnul
Zin
The Shining One
Beogh
Jiyva
Lugonu


Innate Abilities, Weirdness & Mutations

You reflexively headbutt those who attack you in melee.
You have a pair of horns on your head.
You have supernaturally acute eyesight.
Your magical capacity is low (-10% MP).
You occasionally shout uncontrollably at your foes.
Your spells are a little easier to cast, but a little less powerful.


Message History

The bat zombie hits your ogre but does no damage.
The bat zombie hits your ogre.
Your ogre dies!
Your ogre's corpse disappears in a puff of smoke!
The hell hound bites you but does no damage.
You block the balrug's attack.
BONNNG!
You block the hell hound's attack.
PTOANNNG!
The wight hits you but does no damage.
You bludgeon the balrug!! You headbutt the balrug!
The balrug is heavily wounded.
You block the bat zombie's attack.
PTOANNNG!
You block the bat zombie's attack.
BONNNG!
The hell hound closely misses you. The balrug gestures at you.
The bolt of fire hits you!
You die...

▓▓▓▓▓▓▓▓▓▓
▓.....8©8.....▓....8©8..
▓..}})|:=)[...▓..[[):[}:
▓...||}[)}}...▓..[?=..}=
▓.....1.......▓.........
▓......1......▓.........
▓....†VZZ2....▓.........
▓....ZZ2L.....▓.........
▓.....h@z2....▓..▓.....▓
▓..▓.......▓..▓.▓▓▓.).▓▓
▓ ▓.▓.....▓.▓ ▓..▓..)..▓
▓..▓.......▓..▓.....[...
▓.............▓▓▓▓▓▓▓▓▓▓
▓.............▓....8©8..
▓▓▓▓▓▓▓▓▓▓▓▓▓▓▓..)}=)=[}
▓...))|=}[ ▓.........


You could see a Hell Sentinel, a Shadow Fiend, a lich, a balrug, a hellion, a
tormentor, a vampire, a hell hound, a wight, a bat zombie, an adder skeleton and
2 quokka skeletons.

Vanquished Creatures
  A lich (D)
  2 quicksilver dragons (D)
  A greater naga (D)
  2 vampire knights (D)
  A centaur warrior (D)
  A vampire mage (D)
  A deep elf knight (D)
  An iron golem (D)
  A skeletal warrior (D)
  2 deep elf conjurers (D)
  4 necromancers (D)
  4 cyclopes (D)
  2 black mambas (D)
  An eye of devastation (D)
  2 tormentors (D)
  2 yaktaurs (D)
  A jumping spider (D)
  A slime creature (D)
  A deep elf mage (D)
  7 shadows (D)
  2 flying skulls (D)
  2 deep elf fighters (D)
  A yak (D)
  3 wraiths (D)
  A spriggan (D)
  2 vampires (D)
  A wolf (D)
  A small abomination (D)
  2 water moccasins (D)
  A centaur (D)
  2 orc warriors (D)
  An eye of draining (D)
  3 necrophages (D)
  3 scorpions (D)
  A quasit (D)
  A wight (D)
  A crimson imp (D)
  A jelly (D)
  4 orc priests (D)
  2 orc wizards (D)
  3 adders (D)
  A white imp (D)
  An ufetubus (D)
  2 orcs (D)
  2 ball pythons (D)
  A bat skeleton (D)
  A ball python zombie (D)
  2 jackal skeletons (D)
  A quokka zombie (D)
87 creatures vanquished.

Vanquished Creatures (collateral kills)
  A lich (D)
  An iron dragon (D)
  A crystal guardian (D)
  An iron golem (D)
  A shining eye (D)
  3 gargoyles (D)
  A vampire (D)
  A golden eye (D)
  A wraith (D)
  A naga (D)
  A wolf (D)
  2 necrophages (D)
  An earth elemental (D)
  2 iron imps (D)
  2 iguanas (D)
  An adder (D)
  A river rat (D)
  A giant eyeball (D)
  A shadow imp (D)
  An adder zombie (D)
  An adder skeleton (D)
  2 ball pythons (D)
  A bat skeleton (D)
  A giant cockroach zombie (D)
30 creatures vanquished.

Vanquished Creatures (others)
  A ball python (D)
1 creature vanquished.

Grand Total: 118 creatures vanquished

Notes
Turn   | Place    | Note
--------------------------------------------------------------
     0 | D        | Niddhoggr the Minotaur Berserker began the quest for the Orb.
     0 | D        | Reached XP level 1. HP: 19/19 MP: 0/0
     0 | D        | Found a roughly hewn altar of Beogh.
     0 | D        | Found a viscous altar of Jiyva.
     0 | D        | Found a corrupted altar of Lugonu.
     0 | D        | Found a white marble altar of Elyvilon.
     0 | D        | Found a sparkling altar of Nemelex Xobeh.
     2 | D        | Found a burning altar of Makhleb.
     2 | D        | Found a deep blue altar of Sif Muna.
     2 | D        | Found an iron altar of Okawaru.
     2 | D        | Found a bloodstained altar of Trog.
     2 | D        | Found a radiant altar of Vehumet.
     5 | D        | Found a shimmering altar of Xom.
    94 | D        | Entered arena 1.
    94 | D        | Noticed a spriggan
    94 | D        | Noticed a wolf
   100 | D        | Killed a spriggan
   100 | D        | Reached skill level 11 in Fighting
   100 | D        | Reached skill level 1 in Maces & Flails
   100 | D        | Reached XP level 2. HP: 25/40 MP: 1/1
   100 | D        | Reached XP level 3. HP: 29/47 MP: 2/2
   100 | D        | Reached XP level 4. HP: 33/55 MP: 3/3
   102 | D        | Killed a wolf
   102 | D        | Reached skill level 13 in Fighting
   102 | D        | Reached XP level 5. HP: 38/66 MP: 4/4
   282 | D        | Entered arena 2.
   284 | D        | Reached ** piety under Trog
   291 | D        | Reached XP level 6. HP: 73/73 MP: 5/5
   293 | D        | Reached skill level 14 in Fighting
   303 | D        | Entered arena 3.
   303 | D        | Noticed a jumping spider
   303 | D        | Noticed a scorpion
   303 | D        | Noticed a scorpion
   303 | D        | Noticed a scorpion
   309 | D        | Killed a scorpion
   309 | D        | Reached *** piety under Trog
   316 | D        | Killed a scorpion
   316 | D        | Reached skill level 5 in Shields
   318 | D        | Killed a jumping spider
   318 | D        | Reached skill level 5 in Maces & Flails
   318 | D        | Reached skill level 5 in Armour
   318 | D        | Reached XP level 7. HP: 82/82 MP: 6/6
   320 | D        | Killed a scorpion
   320 | D        | Reached skill level 5 in Dodging
   359 | D        | Got the amulet of the Marlin {Stasis rPois Int+4 Dex+2 Slay+2}
   368 | D        | Entered arena 4.
   368 | D        | Noticed an orc wizard
   368 | D        | Noticed an orc priest
   368 | D        | Noticed an orc priest
   368 | D        | Noticed an orc wizard
   374 | D        | Killed an orc priest
   374 | D        | Reached **** piety under Trog
   376 | D        | Killed an orc priest
   378 | D        | Killed an orc wizard
   384 | D        | Killed an orc wizard
   384 | D        | Reached ***** piety under Trog
   472 | D        | Entered arena 5.
   472 | D        | Noticed a wolf
   472 | D        | Noticed an iguana
   472 | D        | Noticed a yak
   472 | D        | Noticed an iguana
   475 | D        | Killed a wolf
   476 | D        | Killed an iguana
   476 | D        | Killed an iguana
   479 | D        | Killed a yak
   479 | D        | Reached skill level 15 in Fighting
   491 | D        | Got the +9 plate armour of the Loofah {rElec rF+ rN+}
   506 | D        | Entered arena 6.
   506 | D        | Noticed a deep elf conjurer
   506 | D        | Noticed a deep elf conjurer
   506 | D        | Noticed a deep elf mage
   506 | D        | Noticed a deep elf knight
   506 | D        | Noticed a deep elf fighter
   506 | D        | Noticed a deep elf fighter
   517 | D        | Killed a deep elf conjurer
   517 | D        | Reached XP level 8. HP: 91/91 MP: 7/7
   520 | D        | Killed a deep elf knight
   523 | D        | Killed a deep elf conjurer
   523 | D        | Reached XP level 9. HP: 100/100 MP: 8/8
   528 | D        | Killed a deep elf fighter
   528 | D        | Reached skill level 16 in Fighting
   531 | D        | Killed a deep elf fighter
   531 | D        | Reached ****** piety under Trog
   531 | D        | Reached skill level 10 in Shields
   536 | D        | Killed a deep elf mage
   582 | D        | Entered arena 7.
   582 | D        | Noticed an orc priest
   582 | D        | Noticed an orc warrior
   582 | D        | Noticed an orc priest
   582 | D        | Noticed an orc warrior
   590 | D        | Killed an orc warrior
   591 | D        | Killed an orc priest
   591 | D        | Reached skill level 10 in Maces & Flails
   594 | D        | Killed an orc warrior
   594 | D        | Reached skill level 10 in Armour
   595 | D        | Killed an orc priest
   635 | D        | Entered arena 8.
   635 | D        | Noticed an eye of devastation
   635 | D        | Noticed an eye of draining
   635 | D        | Noticed a shining eye
   635 | D        | Noticed a golden eye
   635 | D        | Noticed a jelly
   635 | D        | Noticed a slime creature
   644 | D        | Paralysed by a giant eyeball for 3 turns
   653 | D        | Killed a jelly
   653 | D        | Received a gift from Trog
   656 | D        | Killed an eye of draining
   656 | D        | Paralysed by a giant eyeball for 3 turns
   658 | D        | Gained mutation: You have supernaturally acute eyesight. [a shining eye]
   661 | D        | Gained mutation: You occasionally shout uncontrollably at your foes. [a shining eye]
   665 | D        | Killed a slime creature
   665 | D        | Gained mutation: Your spells are a little easier to cast, but a little less powerful. [a shining eye]
   668 | D        | Killed an eye of devastation
   669 | D        | Killed a golden eye
   669 | D        | Gained mutation: Your magical capacity is low (-10% MP). [a shining eye]
   670 | D        | Killed a shining eye
   670 | D        | Reached skill level 10 in Dodging
  1011 | D        | Entered arena 9.
  1011 | D        | Noticed a centaur warrior
  1011 | D        | Noticed a centaur
  1011 | D        | Noticed a cyclops
  1011 | D        | Noticed a cyclops
  1011 | D        | Noticed a yaktaur
  1011 | D        | Noticed a cyclops
  1011 | D        | Noticed a cyclops
  1011 | D        | Noticed a yaktaur
  1019 | D        | Killed a cyclops
  1019 | D        | Reached XP level 10. HP: 110/110 MP: 8/8
  1022 | D        | Killed a cyclops
  1022 | D        | Received a gift from Trog
  1022 | D        | Reached skill level 17 in Fighting
  1024 | D        | Killed a yaktaur
  1027 | D        | Killed a cyclops
  1029 | D        | Killed a centaur warrior
  1031 | D        | Killed a cyclops
  1034 | D        | Killed a centaur
  1037 | D        | Killed a yaktaur
  1037 | D        | Received a gift from Trog
  1047 | D        | Got a jewelled mace {god gift}
  1066 | D        | Identified the +10 mace of Relativism {drain, rC- Int+7 Dex+2} (Trog gifted it to you in the Dungeon)
  1068 | D        | Entered arena 10.
  1068 | D        | Noticed an iron imp
  1068 | D        | Noticed an iron imp
  1068 | D        | Noticed a flying skull
  1068 | D        | Noticed a small abomination
  1068 | D        | Noticed a crimson imp
  1068 | D        | Noticed a quasit
  1072 | D        | Killed a quasit
  1074 | D        | Killed a small abomination
  1075 | D        | Killed a flying skull
  1075 | D        | Killed an iron imp
  1076 | D        | Killed an iron imp
  1077 | D        | Killed a crimson imp
  1095 | D        | Got the amulet "Woudamic" {rMut rElec MP+9 Str+2}
  1098 | D        | Got the ring of Immorality {rPois Str+3 Int-3 Dex+10 Stlth+}
  1104 | D        | Got the ring of Buh Eczoisue {+Fly rPois rF- MR+ Dex-4}
  1188 | D        | Entered arena 11.
  1188 | D        | Noticed a quicksilver dragon
  1188 | D        | Noticed an iron dragon
  1188 | D        | Noticed an iron golem
  1188 | D        | Noticed an iron golem
  1188 | D        | Noticed a quicksilver dragon
  1189 | D        | Noticed a gargoyle
  1189 | D        | Noticed a crystal guardian
  1190 | D        | Noticed a gargoyle
  1190 | D        | Noticed an earth elemental
  1190 | D        | Noticed a gargoyle
  1195 | D        | Killed a crystal guardian
  1196 | D        | Killed a quicksilver dragon
  1196 | D        | Reached skill level 18 in Fighting
  1196 | D        | Reached XP level 11. HP: 76/119 MP: 8/8
  1199 | D        | Killed a gargoyle
  1202 | D        | Killed a quicksilver dragon
  1203 | D        | Killed an earth elemental
  1205 | D        | Killed an iron golem
  1211 | D        | Killed an iron golem
  1213 | D        | Killed a gargoyle
  1213 | D        | Killed an iron dragon
  1216 | D        | Killed a gargoyle
  1256 | D        | Entered arena 12.
  1256 | D        | Noticed a vampire knight
  1256 | D        | Noticed a necrophage
  1256 | D        | Noticed a vampire
  1256 | D        | Noticed a shadow
  1257 | D        | Noticed a shadow
  1257 | D        | Noticed a necromancer
  1257 | D        | Noticed a necromancer
  1257 | D        | Noticed a necromancer
  1258 | D        | Noticed a necrophage
  1260 | D        | Noticed a vampire
  1260 | D        | Killed a necrophage
  1266 | D        | Killed a shadow
  1269 | D        | Killed a vampire knight
  1270 | D        | Killed a necromancer
  1272 | D        | Killed a necromancer
  1272 | D        | Reached skill level 19 in Fighting
  1274 | D        | Killed a necromancer
  1277 | D        | Killed a vampire
  1277 | D        | Reached skill level 15 in Shields
  1278 | D        | Killed a necrophage
  1279 | D        | Killed a shadow
  1285 | D        | Killed a vampire
  1285 | D        | Received a gift from Trog
  1331 | D        | Entered arena 13.
  1332 | D        | Noticed a naga
  1332 | D        | Noticed a water moccasin
  1332 | D        | Noticed a greater naga
  1332 | D        | Noticed a water moccasin
  1333 | D        | Noticed a black mamba
  1333 | D        | Noticed a black mamba
  1341 | D        | Killed a water moccasin
  1343 | D        | Killed a black mamba
  1343 | D        | Reached XP level 12. HP: 130/130 MP: 9/9
  1344 | D        | Killed a black mamba
  1349 | D        | Killed a water moccasin
  1353 | D        | Killed a greater naga
  1353 | D        | Reached skill level 15 in Maces & Flails
  1353 | D        | Reached skill level 15 in Armour
  1356 | D        | Killed a naga
  1415 | D        | Entered arena 14.
  1416 | D        | Noticed a wraith
  1416 | D        | Noticed a tormentor
  1416 | D        | Noticed a wraith
  1416 | D        | Noticed a wraith
  1417 | D        | Noticed a wraith
  1417 | D        | Noticed a flying skull
  1417 | D        | Noticed a tormentor
  1422 | D        | Killed a wraith
  1426 | D        | Killed a wraith
  1430 | D        | Killed a wraith
  1441 | D        | Killed a tormentor
  1443 | D        | Killed a tormentor
  1451 | D        | Killed a flying skull
  1457 | D        | Killed a wraith
  1881 | D        | Entered arena 15.
  1881 | D        | Noticed a wight
  1881 | D        | Noticed a shadow
  1881 | D        | Noticed a shadow
  1881 | D        | Noticed a necromancer
  1881 | D        | Noticed a necrophage
  1881 | D        | Noticed a vampire mage
  1881 | D        | Noticed a shadow
  1881 | D        | Noticed a skeletal warrior
  1882 | D        | Noticed a vampire knight
  1882 | D        | Noticed a necrophage
  1882 | D        | Noticed a lich
  1883 | D        | Noticed a shadow
  1883 | D        | Noticed a shadow
  1883 | D        | Noticed a lich
  1893 | D        | Killed a vampire mage
  1895 | D        | Killed a necrophage
  1900 | D        | Killed a skeletal warrior
  1903 | D        | Killed a lich
  1906 | D        | Killed a wight
  1910 | D        | Killed a lich
  1910 | D        | Reached skill level 20 in Fighting
  1910 | D        | Reached skill level 15 in Dodging
  1916 | D        | Killed a vampire knight
  1918 | D        | Killed a shadow
  1920 | D        | Killed a shadow
  1921 | D        | Killed a shadow
  1922 | D        | Killed a shadow
  1924 | D        | Killed a necromancer
  1925 | D        | Killed a shadow
  1928 | D        | Killed a necrophage
  1964 | D        | Entered arena 16.
  1970 | D        | Noticed a vampire
  1972 | D        | Noticed a necrophage
  1972 | D        | Noticed a hellion
  1972 | D        | Noticed a balrug
  1972 | D        | Noticed a lich
  1972 | D        | Noticed a wight
  1973 | D        | Noticed a vampire
  1973 | D        | Noticed a hell hound
  1973 | D        | Noticed a tormentor
  1974 | D        | Noticed a Hell Sentinel
  1974 | D        | Killed a vampire
  1975 | D        | Noticed a Shadow Fiend
  1975 | D        | HP: 6/134 [???[a lich] (2)]
  1975 | D        | Killed a necrophage
  1978 | D        | Killed from afar by a balrug

Action                   |  1- 3 |  4- 6 |  7- 9 | 10-12 || total
-------------------------+-------+-------+-------+-------++-------
Melee: Demon whip        |     5 |    22 |    69 |    16 ||   112
       Mace              |       |       |       |   140 ||   140
Invok: Berserk           |     1 |     1 |     4 |     7 ||    13
       Brothers in Arms  |       |       |     5 |    13 ||    18
       Trog's Hand       |       |       |     4 |     7 ||    11
  Use: Potion            |       |       |     2 |    13 ||    15
 Stab: Distracted        |       |       |       |     2 ||     2
  Eat: Bread ration      |       |       |     2 |     3 ||     5
       Meat ration       |       |       |       |     1 ||     1
